 Dungeon Crawl Stone Soup version 0.20-a0-613-g92415a4 (webtiles) character file.

94 nubinia the Grave Robber (level 4, -9/31 HPs)
             Began as a Demonspawn Necromancer on Feb 8, 2017.
             Killed by divine providence
             ... invoked by an orc priest
              (11 damage)
             ... on level 3 of the Dungeon.
             The game lasted 00:10:47 (3387 turns).

nubinia the Grave Robber (Demonspawn Necromancer)   Turns: 3387, Time: 00:10:48

Health: -9/31      AC:  3    Str:  8    XL:     4   Next: 38%
Magic:  4/8        EV: 12    Int: 18    God:
Gold:   167        SH:  0    Dex: 13    Spells: 3/8 levels left

rFire    . . .     SeeInvis .   g - +0 spear
rCold    . . .     Gourm    .   a - +0 robe
rNeg     . . .     Faith    .   (no shield)
rPois    .         Spirit   .   e - +1 hat
rElec    .         Reflect  .   (no cloak)
rCorr    .         Harm     .   (no gloves)
MR       .....                  (no boots)
Stlth    ++........             (no amulet)
Regen    0.1/turn               (no ring)
                                (no ring)

@: very slightly contaminated
A: horns 1, demonic guardian 1
a: no special abilities


You were on level 3 of the Dungeon.
You were not hungry.

You visited 1 branch of the dungeon, and saw 3 of its levels.

You collected 167 gold pieces.

Inventory:

Hand Weapons
 g - a +0 spear (weapon)
 o - a +0 vampiric hand axe
Armour
 a - a +0 robe (worn)
 e - a +1 hat (worn)
Scrolls
 d - 3 scrolls of teleportation
 h - a scroll of identify
 l - a scroll of remove curse
Potions
 f - a potion of curing
 j - 2 potions of heal wounds
 m - a potion of haste
 p - a potion of mutation
 r - a potion of agility
Books
 b - a book of Necromancy

   Spells                             Type                      Level
   a - Pain                           Necromancy                   1
   b - Animate Skeleton               Necromancy                   1
   c - Vampiric Draining              Necromancy                   3
   d - Regeneration                   Charms/Necromancy            3
   e - Animate Dead                   Necromancy                   4
   f - Control Undead                 Necromancy                   4
Comestibles
 c - a bread ration
 i - a meat ration
 k - a royal jelly
 q - a fruit


   Skills:
 + Level 0.6 Fighting
 + Level 0.6 Polearms
 + Level 2.0 Dodging
 + Level 2.3 Stealth
 + Level 2.9 Spellcasting
 + Level 5.2 Necromancy


You had 3 spell levels left.
You knew the following spells:

 Your Spells              Type           Power        Failure   Level  Hunger
a - Pain                  Necr           ###.         1%          1    None
b - Vampiric Draining     Necr           ###.......   10%         3    ###....
S - Animate Skeleton      Necr           N/A          1%          1    None


Dungeon Overview and Level Annotations

Branches:
Dungeon (3/15)

Altars:


Innate Abilities, Weirdness & Mutations

You have a pair of small horns on your head.
A weak demonic guardian rushes to your aid.


Message History

Press: ? - help, Shift-Dir - straight line, f/p - orc wizard
Aim: an orc wizard, wielding a dagger and wearing a robe (almost dead, fast, chance to defeat MR: 80%)
You miscast Pain.
You are very lightly contaminated with residual magic.
Nothing appears to happen.
The orc wizard points at your quasit and mumbles some strange words.
The magic dart hits your quasit.
Your quasit misses the orc wizard.
Your quasit closely misses the orc wizard.
Your quasit claws the orc wizard but does no damage.
The orc wizard hits your quasit with a dagger.
Your quasit bites the orc wizard.
The orc wizard dies!
Your Dodging skill increases to level 2!
The orc warrior hits you from afar with a trident!
* * * LOW HITPOINT WARNING * * *
Your quasit completely misses the orc warrior.
Your quasit claws the orc warrior but does no damage. x2
The orc priest mumbles some strange prayers to Beogh against you.
Beogh smites you!
You die...

... ..##...
##.. ....... .
... ....... ..
#..#.......
...##..........
...............
...............
.....o.@....#
.....5..#...#
.....o).# .....
....g.... ....
......... ...
.......... ..
........#. #
........#..


You could see an orc warrior, an orc priest, a goblin and a friendly quasit.

Vanquished Creatures
  3 oozes (D:1)
  2 worms (D:1)
  2 dart slugs (D:1)
  4 leopard geckos
  2 bats (D:1)
  7 giant cockroaches
  4 goblins (D:1)
  4 hobgoblins (D:2)
  3 jackals (D:1)
  3 kobolds
  4 rats
38 creatures vanquished.

Vanquished Creatures (collateral kills)
  An orc wizard (D:3)
  A giant cockroach (D:1)
  A kobold (D:2)
  A rat (D:1)
4 creatures vanquished.

Grand Total: 42 creatures vanquished

Notes
Turn   | Place    | Note
-------+----------+-------------------------------------------
     0 | D:1      | nubinia the Demonspawn Necromancer began the quest for the Orb.
     0 | D:1      | Reached XP level 1. HP: 13/13 MP: 3/3
     1 | D:1      | Found a runed door.
    15 | D:1      | Learned a level 1 spell: Animate Skeleton
   407 | D:1      | Gained mutation: A weak demonic guardian rushes to your aid. [demonic ancestry]
   407 | D:1      | Reached XP level 2. HP: 12/19 MP: 0/5
  1595 | D:1      | Reached skill level 5 in Necromancy
  1595 | D:1      | Reached XP level 3. HP: 12/24 MP: 3/6
  2197 | D:1      | Learned a level 3 spell: Vampiric Draining
  3200 | D:2      | Gained mutation: You have a pair of small horns on your head. [demonic ancestry]
  3200 | D:2      | Reached XP level 4. HP: 16/31 MP: 4/8
  3382 | D:3      | Noticed an orc warrior
  3387 | D:3      | Killed from afar by an orc priest

Vault maps used:
D:1:      dpeg_arrival_caged_fury
D:3:      first_bread, uniq_jessica

Skill      XL: |  1  2  3  4 |
---------------+-------------+-----
Stealth        | 2 |  2.3
Necromancy     | 5 |  5.2
Dodging        | 2 |  2.0
Fighting       | |  0.6
Polearms       | |  0.6
Spellcasting   | |  2.9

Action                   |  1- 3 |  4- 6 || total
-------------------------+-------+-------++-------
Melee: Spear             |   113 |       ||   113
       Dagger            |     3 |       ||     3
 Cast: Pain              |    51 |     3 ||    54
       Animate Skeleton  |    15 |     1 ||    16
       Vampiric Draining |       |     1 ||     1
  Use: Scroll            |     9 |       ||     9
       Potion            |     1 |       ||     1
 Stab: Sleeping          |     4 |       ||     4
  Eat: Chunk             |     8 |     1 ||     9
Armor: Robe              |    28 |       ||    28
Dodge: Dodged            |    65 |       ||    65
